 Dungeon Crawl Stone Soup version 0.28-a0-816-gb054d885db (webtiles) character file.

Game seed: 13125712859526478989

399 vurker the Gusty (level 6, -2/27 HPs)
             Began as a Felid Air Elementalist on Nov 8, 2021.
             Slain by Prince Ribbit (8 damage)
             ... on level 5 of the Dungeon.
             The game lasted 00:07:48 (5307 turns).

vurker the Gusty (Felid Air Elementalist)           Turns: 5307, Time: 00:07:49

Health: -2/27      AC:  2    Str:  4    XL:     6   Next: 54%
Magic:  6/13       EV: 17    Int: 19    God:
Gold:   212        SH:  0    Dex: 16    Spells: 3/13 levels left
                                        Lives:  0   Deaths: 1

rFire   . . .      SeeInvis +   (weapon unavailable)
rCold   . . .      Faith    .   (shield unavailable)
rNeg    . . .      Spirit   .   (armour unavailable)
rPois   .          Reflect  .   (helmet unavailable)
rElec   .          Harm     .   (cloak unavailable)
rCorr   .          Rampage  .   (gloves unavailable)
Will    .....                   (boots unavailable)
Stlth   ++........              (no amulet)
HPRegen 0.09/turn               (no ring)
MPRegen 0.13/turn               (no ring)

@: quick
A: very small, claws 1, fangs 3, see invisible, speed 1, shaggy fur 2, stealthy
paws, no weapons or thrown items, no armour, multi-lived
a: no special abilities


You were on level 5 of the Dungeon.
You visited 1 branch of the dungeon, and saw 5 of its levels.

You collected 212 gold pieces.

Inventory:

Scrolls
 a - 2 scrolls of identify {unknown}
 e - a scroll of immolation {unknown}
 g - 2 scrolls of teleportation {unknown}
 h - a scroll of torment {unknown}
 i - 2 scrolls of fear {unknown}
 j - a scroll of enchant weapon {unknown}
Potions
 b - a potion of invisibility {unknown}
 c - a potion of mutation {unknown}
 d - a potion of lignification {unknown}
 f - 2 potions of might {unknown}
 k - a potion of haste {unknown}
 l - a potion of curing {unknown}


   Skills:
 + Level 2.8 Fighting
 - Level 2.6 Dodging
 - Level 2.6 Stealth
 * Level 4.4 Spellcasting
 + Level 2.9 Conjurations
 * Level 4.8 Air Magic


You had 3 spell levels left.
You knew the following spells:

 Your Spells              Type           Power      Damage    Failure   Level
a - Shock                 Conj/Air       72%        1d7       2%          1
b - Lightning Bolt        Conj/Air       9%         1d21      58%         5
c - Airstrike             Air            11%        N/A       19%         4

Your spell library contained the following spells:

 Spells                   Type           Power      Damage    Failure   Level
 Static Discharge         Conj/Air       18%        N/A       4%          2
 Swiftness                Air            22%        N/A       5%          3
 Freeze                   Ice            16%        1d4       13%         1
 Passwall                 Tmut/Erth      3%         N/A       21%         2
 Sublimation of Blood     Necr           4%         N/A       21%         2
 Dazzling Flash           Conj/Hex       18%        N/A       22%         3
 Frozen Ramparts          Ice            8%         1d2       36%         3
 Hailstorm                Conj/Ice       9%         3d4       58%         4
 Iskenderun's Mystic Bla  Conj/Tloc      9%         2d4       58%         4
 Petrify                  Tmut/Erth      4%         N/A       78%         4
 Irradiate                Conj/Tmut      4%         3d15      90%         5
 Invisibility             Hex            2%         N/A       100%        6
 Starburst                Conj/Fire      4%         6d4       100%        6
 Maxwell's Capacitive Co  Air            11%        ∞         100%        8


Dungeon Overview and Level Annotations

Branches:
Dungeon (5/15)
 Temple: D:4-7

Altars:

Annotations:
D:5 Prince Ribbit


Innate Abilities, Weirdness & Mutations

You have sharp claws.
You have razor-sharp teeth.
You have supernaturally acute eyesight. (SInv)
You cover ground quickly. (Speed+)
You are covered in thick fur. (AC +2)
Your paws help you pounce on unaware monsters.
You are incapable of wielding weapons or throwing items.
You cannot wear armour.
You gain extra lives every three experience levels.


Message History

Memorise Airstrike, consuming 4 spell levels and leaving 3?
You start memorising the spell.
You continue memorising. x4
You finish memorising.
Spell assigned to 'c'.
An iguana comes into view.
An iguana is nearby!
An iguana is nearby!
An iguana is nearby!
Aim: an iguana (asleep, 100% to hit)
The zap hits the iguana but does no damage.
The iguana hisses angrily.
You hear a loud, deep croak!
Aim: an iguana (75% to hit)
The zap hits the iguana but does no damage.
Prince Ribbit winks and puckers his lips.
Aim: an iguana (75% to hit)
The zap hits the iguana.
Prince Ribbit blinks!
Prince Ribbit lets out a mournful croak.
Prince Ribbit blinks!
Prince Ribbit catches a small bird with his tongue.
Prince Ribbit croaks regally.
Prince Ribbit blinks!
You see here a +0 hand axe.
Prince Ribbit croaks regally.
There is a stone staircase leading up here.
You aren't carrying any items that you can evoke.
Unknown command.
Aim: Prince Ribbit (50% to hit)
The zap misses Prince Ribbit.
Aim: Prince Ribbit (50% to hit)
The zap hits Prince Ribbit.
Aim: Prince Ribbit (lightly wounded, 50% to hit)
The zap misses Prince Ribbit.
Prince Ribbit misses you.
Aim: Prince Ribbit (lightly wounded, 50% to hit)
The zap hits Prince Ribbit.
Prince Ribbit hits you.
Prince Ribbit croaks regally.
Prince Ribbit hits you!
Ouch! That really hurt!
* * * LOW HITPOINT WARNING * * *
Unknown command.
Unknown command.
Aim: Prince Ribbit (moderately wounded, 50% to hit)
The zap hits Prince Ribbit.
Prince Ribbit barely misses you.
Aim: Prince Ribbit (moderately wounded, 50% to hit)
The zap hits Prince Ribbit!
Prince Ribbit hits you.
* * * LOW HITPOINT WARNING * * *
Unknown command.
Aim: Prince Ribbit (heavily wounded, 50% to hit)
The zap misses Prince Ribbit.
Prince Ribbit hits you but does no damage.
Prince Ribbit hits you!
You die...

.....##.##.....#
.....##.###....#
...l.##......#.###
###......##......#
# ##..#......#)#.#
# #.....##.##)#)#
# #..##.....).#.#
# #........)..#F#
. ....#.#F#.##.#@#
#............#.###
#.##.#..#....#.#
#. ..........#
........... ......
#.#


You could see Prince Ribbit.

Vanquished Creatures
  A water moccasin (D:4)
  2 scorpions
  2 orc priests
  A bullfrog skeleton (D:4)
  An iguana (D:2)
  2 orc wizards
  8 adders
  3 worms (D:2)
  2 adder skeletons (D:4)
  10 orcs
  6 bats
  6 endoplasms
  3 giant cockroaches
  12 goblins
  13 hobgoblins
  3 jackals (D:1)
  3 quokkas
  7 ball pythons
  3 frilled lizards
  5 kobolds
  4 rats
97 creatures vanquished.

Vanquished Creatures (others)
  7 fungi (D:2)
  A plant (D:2)
8 creatures vanquished.

Grand Total: 105 creatures vanquished

Notes
Turn   | Place    | Note
-------+----------+-------------------------------------------
     0 | D:1      | vurker the Felid Air Elementalist began the quest for the
                  | Orb.
     0 | D:1      | Reached XP level 1. HP: 7/7 MP: 4/4
   134 | D:1      | Reached skill level 1 in Conjurations
   289 | D:1      | Reached XP level 2. HP: 8/12 MP: 0/6
  1008 | D:2      | Reached XP level 3. HP: 11/15 MP: 3/7
  1255 | D:2      | Reached skill level 1 in Fighting
  1744 | D:2      | Reached XP level 4. HP: 19/19 MP: 1/9
  2234 | D:2      | Found a faded altar of an unknown god.
  2826 | D:3      | Noticed a scorpion
  2836 | D:3      | Killed a scorpion
  2837 | D:3      | Reached XP level 5. HP: 16/22 MP: 1/11
  3703 | D:3      | Gained mutation: You are covered in thick fur. (AC +2)
                  | [Felid growth]
  3703 | D:3      | Reached XP level 6. HP: 21/26 MP: 6/12
  4668 | D:4      | Noticed a water moccasin
  4681 | D:4      | Slain by a water moccasin
  4682 | D:4      | Reached XP level 5. HP: 0/23 MP: 5/11
  4697 | D:4      | Killed a water moccasin
  4698 | D:4      | Reached XP level 6. HP: 19/27 MP: 6/13
  5032 | D:5      | Entered Level 5 of the Dungeon
  5257 | D:5      | Noticed Prince Ribbit
  5265 | D:5      | Learned a level 5 spell: Lightning Bolt
  5270 | D:5      | Learned a level 4 spell: Airstrike
  5307 | D:5      | Slain by Prince Ribbit

Illustrated notes

Levels and vault maps discovered:
D:1:      minmay_arrival_hallway, layout_basic, chequers_serial_rivers_micro_e,
          nrook_loot_triangle
D:2:      layout_rooms, dreamdust_ecumenical_altar_grove, amethyst_killhole,
          minmay_pentomino_z4
D:3:      cheibrodos_greedy_goblins, layout_basic
D:4:      layout_loops_ring, minmay_misc_feat_alley, hangedman_decor_lopped
D:5:      layout_basic, uniq_prince_ribbit1, uniq_duvessa

Skill      XL: |  1  2  3  4  5 |
---------------+----------------+-----
Conjurations   | 1 2 |  2.9
Air Magic      | 3 4 |  4.8
Fighting       | 1 2 |  2.8
Spellcasting   | 3 4 |  4.4
Dodging        | |  2.6
Stealth        | |  2.6

Action                   |  1- 3 |  4- 6 || total
-------------------------+-------+-------++-------
Melee: Unarmed           |    14 |       ||    14
       Bite              |     1 |       ||     1
 Cast: Shock             |    73 |   175 ||   248
Armor: Skin              |     2 |     1 ||     3
Dodge: Dodged            |    24 |    23 ||    47

Table legend: (Time is in decaauts)
 A = Elapsed time spent in this place.
 B = Non-inter-level travel time spent in this place.
 C = Inter-level travel time spent in this place.
 D = Time resting spent in this place.
 E = Time spent auto-exploring this place.
 F = Levels seen in this place.
 G = Mean time per level.
                   A        B        C        D        E       F      G
               +--------+--------+--------+--------+--------+-----+--------+
         Total |   4822 |   4754 |     68 |    181 |   3909 |   5 |  964.4 |
       Dungeon |   4822 |   4754 |     68 |    181 |   3909 |   5 |  964.4 |
               +--------+--------+--------+--------+--------+-----+--------+

Top non-repeatable levels by time:
     D:3: 1473 daAuts
     D:2: 1256 daAuts
     D:1: 938 daAuts
     D:4: 895 daAuts
     D:5: 258 daAuts
